 Dungeon Crawl Stone Soup version 0.29.1-15-g9cfb28693d (webtiles) character file.

Game seed: 7321272634346999900

269 GimliDwarf the Conjurer (level 6, -9/49 HPs)
             Began as a Tengu Conjurer on Dec 14, 2023.
             Killed from afar by Dowan (14 damage)
             ... with a shard of ice
             ... on level 4 of the Dungeon.
             The game lasted 00:08:54 (4015 turns).

GimliDwarf the Conjurer (Tengu Conjurer)            Turns: 4015, Time: 00:08:55

Health: -9/49      AC: 23    Str:  7    XL:     6   Next: 22%
Magic:  0/11       EV:  2    Int: 21    God:
Gold:   195        SH:  0    Dex: 12    Spells: 5/11 levels left

rFire   . . .      SeeInvis .   o - +1 sling
rCold   . . .      Faith    .   (no shield)
rNeg    . . .      Spirit   .   (body armour currently unavailable)
rPois   +          Reflect  .   (helmet currently unavailable)
rElec   .          Harm     .   (cloak currently unavailable)
rCorr   .          Rampage  .   (gloves currently unavailable)
Will    .....      NoTele   +   (boots unavailable)
Stlth   ++........              j - amulet of the acrobat
HPRegen 0.16/turn               (no ring)
MPRegen 0.12/turn               (no ring)

@: tree-form
A: stationary, stasis, torment immunity, boosted hp, (beak), (talons 3), nimble
flight
a: no special abilities


You were on level 4 of the Dungeon.
You were a tree.
You visited 1 branch of the dungeon, and saw 6 of its levels.

You collected 195 gold pieces.

Inventory:

Hand Weapons
 o - a +1 sling (weapon)
Missiles
 f - 5 javelins
Armour
 a - a +1 robe (melded)
Jewellery
 j - an amulet of the acrobat (around neck)
 p - a ring of willpower
Scrolls
 d - a scroll of identify
 h - 3 scrolls of teleportation
 k - a scroll of magic mapping {unknown}
 n - a scroll of enchant armour
 q - a scroll of immolation {unknown}
Potions
 b - a potion of magic
 c - a potion of curing
 g - 2 potions of ambrosia
 i - a potion of might
 l - 3 potions of cancellation
 m - a potion of lignification


   Skills:
 + Level 0.4 Fighting
 * Level 3.2 Ranged Weapons
 * Level 1.6 Armour
 + Level 2.3 Dodging
 - Level 2.0 Stealth
 * Level 3.0 Spellcasting
 * Level 6.2 Conjurations
 * Level 1.3 Summonings
 * Level 2.9 Air Magic


You had 5 spell levels left.
You knew the following spells:

 Your Spells              Type           Power      Damage    Failure   Level
a - Magic Dart            Conj           100%       1d8       1%          1
b - Searing Ray           Conj           58%        2d6       1%          2
c - Dazzling Flash        Conj/Hex       32%        N/A       11%         3

Your spell library contained the following spells:

 Spells                   Type           Power      Damage    Failure   Level
 Apportation              Tloc           6%         N/A       13%         1
 Frozen Ramparts          Ice            6%         1d1       36%         3
 Fulminant Prism          Conj/Hex       8%         3d7       36%         4
 Iskenderun's Mystic Bla  Conj/Tloc      16%        2d5       36%         4
 Summon Ice Beast         Ice/Summ       6%         N/A       69%         4
 Ice Form                 Ice/Tmut       3%         N/A       78%         4
 Silence                  Hex/Air        4%         N/A       89%         5
 Agony                    Necr           3%         N/A       98%         5
 Alistair's Intoxication  Tmut/Pois      2%         N/A       98%         5


Dungeon Overview and Level Annotations

Branches:
Dungeon (6/15)
 Temple: D:4-7

Altars:
Cheibriados
Hepliaklqana
Yredelemnul

Annotations:
D:4 Dowan


Innate Abilities, Weirdness & Mutations

You are a tree.
Your roots penetrate the ground, keeping you stationary.
You cannot be teleported.
You are immune to unholy pain and torment.
Your maximum health is greatly increased.
Your equipment is partially melded.
((You have a beak for a mouth.))
((You have claws for feet.))
Your magical nature lets you fly swiftly and evasively.


Message History

You feel much better.
Dowan says, "How can I live without her?"
Dowan barely misses you. Dowan hits you with a +0 dagger!
Fire: o) +1 sling
Press: ? - help, Q - select action, (/) - cycle Shift-Dir - straight line, f/p - Dowan
Aim: Dowan, wielding a +0 dagger and wearing a +0 robe (moderately wounded, fast, 43% to hit)
You shoot a sling bullet. The sling bullet hits Dowan.
Dowan is moderately wounded.
Dowan casts a spell at you. The shard of ice hits you!!
Ouch! That really hurt!
* * * LOW HITPOINT WARNING * * *
Dowan misses you.
Casting: Dazzling Flash (quite dangerous; 11% risk of failure)
Confirm with . or Enter, or press ? or * to list all spells.
Aiming: Searing Ray (safe; 1% risk of failure)
Press: ? - help, Shift-Dir - straight line, f/p - Dowan
Aim: Dowan, wielding a +0 dagger and wearing a +0 robe (moderately wounded, fast, 71% to hit)
The searing ray hits Dowan!
Dowan is severely wounded. (Press . to maintain the ray.) Dowan misses you.
Without enough magic to sustain it, your searing ray dissipates.
Dowan completely misses you. x2
Really quaff the potion of lignification?
You turn into a tree.
Your +1 robe melds into your body.
Your roots penetrate the ground.
Dowan hits you with a +0 dagger.
* * * LOW HITPOINT WARNING * * *
Fire: o) +1 sling
Press: ? - help, Q - select action, (/) - cycle Shift-Dir - straight line, f/p - Dowan
Aim: Dowan, wielding a +0 dagger and wearing a +0 robe (severely wounded, fast, 43% to hit)
You shoot a sling bullet. The sling bullet closely misses Dowan.
Dowan hits you but does no damage. x2
Fire: o) +1 sling
Press: ? - help, Q - select action, (/) - cycle Shift-Dir - straight line, f/p - Dowan
Aim: Dowan, wielding a +0 dagger and wearing a +0 robe (severely wounded, fast, 43% to hit)
You shoot a sling bullet. The sling bullet barely misses Dowan.
Dowan points at you and mumbles some strange words.
The shard of ice hits you!
You die...

#.# ##+# #.# ##...## #.##
##.....## ## #..##
##.......###.
######...####.........##.
............+.........'..
##.####...####.........##.
...##...e.# #.......###.
#..##.###♣# ##.....## #.
#..##.# #.# ##...## #.
#..##.###.# ##'## ##
...###..##.....# #.#
........##.##.## #.#
##.####....)..# #######.##
####.#### #........## #.#
#.###.....# #.# #.#
##...####


You could see Dowan (fast).

Vanquished Creatures
  Duvessa (D:4)
  A hound (D:5)
  Natasha (D:4)
  4 gnolls (D:4)
  3 adders
  2 worms (D:2)
  2 dart slugs
  4 endoplasms
  3 giant cockroaches
  5 goblins
  3 hobgoblins
  4 jackals
  2 quokkas
  3 ball pythons
  6 bats
  4 frilled lizards
  3 kobolds
  3 rats
54 creatures vanquished.

Notes
Turn   | Place    | Note
-------+----------+-------------------------------------------
     0 | D:1      | GimliDwarf the Tengu Conjurer began the quest for the Orb.
     0 | D:1      | Reached XP level 1. HP: 10/10 MP: 4/4
   255 | D:1      | Reached skill level 1 in Air Magic
   255 | D:1      | Reached XP level 2. HP: 15/15 MP: 4/6
   258 | D:1      | Learned a level 2 spell: Searing Ray
  1110 | D:2      | Reached XP level 3. HP: 19/19 MP: 2/7
  1822 | D:2      | Reached XP level 4. HP: 24/24 MP: 4/8
  1900 | D:2      | Learned a level 3 spell: Dazzling Flash
  2798 | D:3      | Found a faded altar of an unknown god.
  3046 | D:3      | Reached skill level 1 in Armour
  3048 | D:3      | Found a snail-covered altar of Cheibriados.
  3424 | D:4      | Noticed a kobold brigand
  3437 | D:4      | You fall into a shaft and drop 2 floors!
  3438 | D:6      | Noticed an ice beast
  3439 | D:6      | Noticed a necrophage
  3452 | D:5      | Entered Level 5 of the Dungeon
  3455 | D:5      | Reached skill level 1 in Ranged Weapons
  3455 | D:5      | Reached skill level 6 in Conjurations
  3505 | D:5      | Noticed a scorpion
  3513 | D:5      | Noticed a necrophage
  3531 | D:5      | Found a hazy altar of Hepliaklqana.
  3664 | D:4      | Noticed Natasha
  3668 | D:4      | Killed Natasha
  3669 | D:4      | Gained mutation: Your magical nature lets you fly swiftly
                  | and evasively. [Tengu growth]
  3669 | D:4      | Reached XP level 5. HP: 25/28 MP: 5/10
  3764 | D:4      | Found a basalt altar of Yredelemnul.
  3883 | D:4      | Reached skill level 1 in Summonings
  3983 | D:4      | Noticed Duvessa
  3985 | D:4      | Noticed Dowan
  4001 | D:4      | Killed Duvessa
  4002 | D:4      | Reached XP level 6. HP: 16/33 MP: 1/11
  4015 | D:4      | Killed from afar by Dowan

Illustrated notes

Levels and vault maps discovered:
D:1:      elethiomel_arrival_shortcut, layout_basic,
          chequers_serial_rivers_large_a
D:2:      layout_loops_ring
D:3:      layout_loops_corners, kennysheep_slug_shrine,
          ebering_ecumenical_altar_abandoned
D:4:      layout_loops_corners, lemuel_crystal_altar, mainiacjoe_overflow_paths,
          minmay_temple_entry_enclosed_plants, lightli_corner_chamber,
          uniq_duvessa, uniq_natasha
D:5:      layout_cave_pools, mainiacjoe_overflow_six_doors_small,
          chequers_temple_overflow_statue_of_worship, minmay_chambers_of_fives
D:6:      layout_basic

Skill      XL: |  1  2  3  4  5 |
---------------+----------------+-----
Air Magic      | 1 2 |  2.9
Armour         | 1 |  1.6
Ranged Weapons | 1 3 |  3.2
Conjurations   | 6 |  6.2
Spellcasting   | 3 |  3.0
Summonings     | 1 |  1.3
Fighting       | |  0.4
Dodging        | |  2.3
Stealth        | |  2.0

Action                   |  1- 3 |  4- 6 || total
-------------------------+-------+-------++-------
 Fire: Sling             |    21 |    36 ||    57
 Cast: Magic Dart        |    32 |     2 ||    34
       Searing Ray       |    11 |    15 ||    26
       Dazzling Flash    |       |     2 ||     2
  Use: Scroll            |       |    12 ||    12
       Potion            |       |     2 ||     2
Armor: Robe              |       |     3 ||     3
       Skin              |       |     2 ||     2
Dodge: Dodged            |     6 |    26 ||    32
